AoeStats
← Horizon

Arabian Desert

508836011Analyzed
1v1 RM · 8d ago on Sep 24, 2026· 52m 18s· 2 players
Game mode
Random Map
Map size
Tiny (2 player)
Population
200
Speed
Normal
Resources
Standard
Victory
Conquest
Starting age
Dark Age
Ending age
Imperial Age
RankedLock teamsTeams togetherTeam positionsShared explorationLock speedFull tech treeHidden civsTurbo modeCheats
Victory
Defeat
🇨🇳 Varangians · China
1399
+19
🇵🇰 Hindustanis · Pakistan
1475
-19
Dew1n4
11:02 Loom
13:05 Feudal Age
13:41 Double-Bit Axe
13:38 Horse Collar
19:21 Fletching
19:31 Padded Archer Armor
23:54 Castle Age
23:43 Bloodlines
23:41 Scale Barding Armor
23:48 Gold Mining
23:58 Elite Skirmisher
24:42 Bodkin Arrow
25:29 Bow Saw
28:00 Heavy Plow
29:45 Wheelbarrow
29:58 Town Watch
31:21 Ballistics
31:31 Leather Archer Armor
36:02 Hand Cart
40:24 Imperial Age
39:32 Forging
41:12 Iron Casting
40:58 Chain Barding Armor
40:42 Husbandry
40:03 Light Cavalry
40:53 Squires
40:39 Gambesons
40:59 Scale Mail Armor
41:24 Arson
41:38 Stone Mining
42:42 Conscription
44:14 Chemistry
44:15 Masonry
44:39 Chain Mail Armor
46:03 Elite Varangian Guard
47:12 Bracer
48:13 Blast Furnace
48:40 Ring Archer Armor
48:41 Plate Mail Armor
49:02 Gothikon
52:11 Siege Engineers
52:37 Architecture
Horizon
6:50 Loom
9:50 Feudal Age
11:14 Town Watch
11:54 Double-Bit Axe
14:31 Fletching
14:41 Man-at-Arms
23:50 Castle Age
22:03 Padded Archer Armor
22:11 Gold Mining
22:06 Horse Collar
24:28 Bodkin Arrow
24:05 Crossbowman
26:32 Wheelbarrow
26:30 Husbandry
28:35 Bow Saw
33:00 Elite Skirmisher
35:05 Bloodlines
34:15 Light Cavalry
35:28 Heavy Plow
38:37 Ballistics
41:40 Imperial Age
39:38 Scale Barding Armor
41:27 Masonry
43:17 Conscription
43:05 Bracer
44:26 Chain Barding Armor
46:09 Chemistry
46:33 Plate Barding Armor
51:27 Grand Trunk Road
51:39 Shatagni
Connection lost

Rejoining the realm…

Still unreachable

The connection could not be restored.

Session expired

The server has moved on; the page needs a fresh start.